 Dungeon Crawl Stone Soup version 0.31-a0-1178-gc5c9b8f871 (webtiles) character file.

Game seed: 15559456654429667381

67 grandjackal the Chopper (level 3, -2/29 HPs)
             Began as a Demonspawn Gladiator on Dec 12, 2023.
             Slain by a cerulean imp
             ... wielding a +0 spear
             ... summoned by Natasha
              (3 damage)
             ... on level 2 of the Dungeon.
             The game lasted 00:01:50 (1109 turns).

grandjackal the Chopper (Demonspawn Gladiator)      Turns: 1109, Time: 00:01:50

Health: -2/29      AC:  5    Str: 16    XL:     3   Next: 98%
Magic:  3/3        EV: 12    Int:  8    God:
Gold:   69         SH:  0    Dex: 14    Spells: 2/2 levels left

rFire   . . .        a - +0 war axe
rCold   . . .        (no shield)
rNeg    . . .        b - +0 leather armour
rPois   .            c - +0 helmet
rElec   .            (no cloak)
rCorr   .            (no gloves)
SInv    .            k - +0 pair of boots
Will    .....        g - amulet of the acrobat
Stlth   +            (no ring)
HPRegen 0.24/turn    (no ring)
MPRegen 0.08/turn

%: acrobat
@: slowed, very slow
A: demonic guardian 1
a: no special abilities


You were on level 2 of the Dungeon.
You visited 1 branch of the dungeon, and saw 2 of its levels.

You collected 69 gold pieces.

Inventory:

Hand Weapons
 a - a +0 war axe (weapon)
Missiles
 d - 3 throwing nets (quivered)
 e - a javelin
Armour
 b - a +0 leather armour (worn)
 c - a +0 helmet (worn)
 k - a +0 pair of boots (worn)
Jewellery
 g - an amulet of the acrobat (around neck)
 o - a ring of flight
Scrolls
 h - 2 scrolls of revelation {unknown}
 j - 4 scrolls of identify {unknown}
 l - a scroll of fear {unknown}
Potions
 f - 2 potions of curing {unknown}
 i - a potion of lignification {unknown}
 m - a potion of heal wounds {unknown}
 n - a potion of attraction {unknown}


   Skills:
 + Level 3.1 Fighting
 + Level 3.4 Axes
 - Level 2.0 Throwing
 - Level 3.0 Dodging


You had 2 spell levels left.
You didn't know any spells.
Your spell library contained the following spells:

 Spells                   Type           Power      Damage    Failure   Level
 Blink                    Tloc           0%         N/A       63%         2
 Manifold Assault         Tloc           0%         N/A       99%         4


Dungeon Overview and Level Annotations

Branches:
Dungeon (2/15)

Altars:

Annotations:
D:2 Natasha


Innate Abilities, Weirdness & Mutations

A weak demonic guardian rushes to your aid.


Message History

The cerulean imp hits you from afar with a +0 spear.
Natasha closely misses you.
Unknown command.
You closely miss Natasha.
The cerulean imp hits you but does no damage.
Natasha mumbles some strange words.
The cerulean imp misses you. Natasha claws you.
You slash Natasha!
Natasha is heavily wounded.
The cerulean imp barely misses you. Natasha claws you.
The cerulean imp hits you from afar with a +2 spear.
The cerulean imp hits you from afar with a +0 spear.
Natasha closely misses you.
The cerulean imp hits you but does no damage.
You are too injured to fight recklessly!
Unknown command.
You are too injured to fight recklessly!
Unknown command.
You are too injured to fight recklessly!
You barely miss Natasha.
Natasha is heavily wounded.
The cerulean imp disappears in a puff of smoke! x2
Natasha closely misses you. The cerulean imp closely misses you.
Natasha mumbles some strange words.
The cerulean imp hits you but does no damage.
Unknown command.
You closely miss Natasha.
Natasha is heavily wounded.
Natasha claws you!
* * * LOW HITPOINT WARNING * * *
A demonic guardian appears!
The cerulean imp closely misses you. The cerulean imp completely misses you.
Natasha claws you.
* * * LOW HITPOINT WARNING * * *
The cerulean imp hits you from afar with a +0 spear.
* * * LOW HITPOINT WARNING * * *
Unknown command.
You hit Natasha.
Natasha is severely wounded.
The cerulean imp hits you from afar with a +0 spear.
You die...

.........+..#...........
.........#..#........... ##
.........#.....#####.#.##..
.........#..............' .
.........#####'###'###'##....
.........#...................
...... #......555..........
...... #.......h...........
...... #.....<@...>(.......
...... ##..################
...... ##. ...... .. ######
#.


You could see Natasha, 2 cerulean imps and a friendly white imp (summoned).

Vanquished Creatures
  Natasha (D:2)
  3 dart slugs
  3 endoplasms
  2 giant cockroaches (D:1)
  6 hobgoblins
  2 kobolds (D:1)
  4 ball pythons (D:1)
  3 bats (D:1)
  4 frilled lizards
  4 goblins (D:1)
  A rat (D:1)
33 creatures vanquished.

Notes
Turn   | Place    | Note
-------+----------+-------------------------------------------
     0 | D:1      | grandjackal the Demonspawn Gladiator began the quest for
                  | the Orb.
     0 | D:1      | Reached XP level 1. HP: 16/16 MP: 1/1
   117 | D:1      | Gained mutation: A weak demonic guardian rushes to your
                  | aid. [demonic ancestry]
   117 | D:1      | Reached XP level 2. HP: 20/22 MP: 2/2
   146 | D:1      | Found a faded altar of an unknown god.
   828 | D:2      | Reached XP level 3. HP: 25/28 MP: 3/3
   899 | D:2      | Noticed Natasha
   909 | D:2      | Killed Natasha
  1074 | D:2      | Noticed Natasha
  1108 | D:2      | HP: 1/29 [cerulean imp/+0 spear[Natasha] (2)]
  1109 | D:2      | Slain by a cerulean imp

Illustrated notes

Levels and vault maps discovered:
D:1:      amcnicky_arrival_flooded_fountain, layout_loops_ring,
          shapermc_ecumenical_altar_mp_highgroup
D:2:      wander_river, layout_basic, basic_altar, minivault_4, uniq_natasha

Skill      XL: |  1  2  3 |
---------------+----------+-----
Throwing       | 2 |  2.0
Dodging        | 3 |  3.0
Axes           | 3 |  3.4
Fighting       | 3 |  3.1

Action                     || total
---------------------------++-------
  Melee: War axe           ||   108
         Punch             ||     2
   Stab: Sleeping          ||     1
 Armour: Leather armour    ||    83
  Dodge: Dodged            ||   107

Table legend: (Time is in decaauts)
 A = Elapsed time spent in this place.
 B = Non-inter-level travel time spent in this place.
 C = Inter-level travel time spent in this place.
 D = Time resting spent in this place.
 E = Time spent auto-exploring this place.
 F = Levels seen in this place.
 G = Mean time per level.
                   A        B        C        D        E       F      G
               +--------+--------+--------+--------+--------+-----+--------+
         Total |   1151 |   1140 |     11 |     82 |    762 |   2 |  575.5 |
       Dungeon |   1151 |   1140 |     11 |     82 |    762 |   2 |  575.5 |
               +--------+--------+--------+--------+--------+-----+--------+

Top non-repeatable levels by time:
     D:1: 861 daAuts
     D:2: 289 daAuts
